 Dungeon Crawl Stone Soup version 0.19-a0-1049-g462a813 (webtiles) character file.

119 junb69 the Twirler (level 4, 0/33 HPs)
             Began as a Demonspawn Gladiator on July 31, 2016.
             Killed by nerve-wracking pain
             ... invoked by Grinder
              (3 damage)
             ... on level 3 of the Dungeon.
             The game lasted 00:05:10 (1972 turns).

junb69 the Twirler (Demonspawn Gladiator)           Turns: 1972, Time: 00:05:10

Health: 0/33       AC: 11    Str: 16    XL:     4   Next: 73%
Magic:  4/4        EV: 12    Int: 15    God:
Gold:   133        SH:  0    Dex: 16    Spells: 0 memorised, 3 levels left

rFire  + . .     SeeInvis .     a - +0 quarterstaff
rCold  + . .     Gourm    .     e - +0 ring mail
rNeg   . . .     Faith    .     (shield currently unavailable)
rPois  +         Spirit   .     c - +0 helmet
rElec  +         Dismiss  .     o - +0 cloak
rCorr  +         Reflect  .     q - +1 pair of gloves
SustAt .         Harm     .     (no boots)
MR     .....                    (no amulet)
Stlth  +.........               (no ring)
                                g - +3 ring of dexterity

@: brilliant, resistant, not resistant to hostile enchantments, very unstealthy
A: claws 1, molten scales 1
a: no special abilities


You were on level 3 of the Dungeon.
You were hungry.

You visited 1 branch of the dungeon, and saw 3 of its levels.

You collected 133 gold pieces.

Inventory:

Hand Weapons
 a - a +0 quarterstaff (weapon)
Missiles
 l - 7 curare-tipped needles
Armour
 c - a +0 helmet (worn)
 e - a +0 ring mail (worn)
 o - a +0 cloak (worn)
 q - a +1 pair of gloves (worn)
Jewellery
 g - a +3 ring of dexterity (left hand)
Wands
 p - a wand of flame (7/48)
Scrolls
 b - a scroll of identify {unknown}
 i - 2 scrolls of fog
 m - a scroll of amnesia {unknown}
 r - a scroll of remove curse {unknown}
 s - a scroll of recharging {unknown}
 t - a scroll of enchant weapon {unknown}
Potions
 h - a potion of brilliance
 j - a potion of agility {unknown}
 k - a potion of resistance
 n - a potion of heal wounds {unknown}
Comestibles
 f - 3 bread rations
 u - a meat ration


   Skills:
 - Level 2.0 Fighting
 * Level 5.0 Staves
 - Level 1.7 Throwing
 - Level 2.6 Dodging


You had 3 spell levels left.
You didn't know any spells.

Dungeon Overview and Level Annotations

Branches:
Dungeon (3/15)

Altars:
The Shining One

Annotations:
D:3 Grinder


Innate Abilities, Weirdness & Mutations

You have sharp fingernails.
You are partially covered in molten scales. (AC +2)


Message History

You see here 15 sling bullets.
It was a potion of brilliance.
You feel clever all of a sudden.
It was a potion of resistance.
You feel protected. Grinder hits you but does no damage.
Grinder blinks!
Grinder says, "You look like you could use a good racking."
Grinder gestures at you. Pain shoots through your body!
* * * LOW HITPOINT WARNING * * *
Grinder gestures at you.
You suddenly lose the ability to move!
Grinder no longer looks unusually strong.
Grinder grins, showing sharp teeth.
Grinder hits you but does no damage.
You can move again.
Grinder gestures at you. Pain shoots through your body!
You die...

###.#.# #..... ...
#.#.####. #.#
######........
#.####........#####
#.##......(..(#
#....#....###.#
##.####....# .#
#..## #@...# .#
####...# #5..(# #
#....#.###..###
##.####<##..##
##..# #....##
#..#####..###
#.....##..#####
#####...........
############


You could see Grinder.

Vanquished Creatures
  Jessica (D:2)
  4 adders (D:2)
  3 dart slugs
  6 bats
  3 giant cockroaches
  10 hobgoblins
  4 jackals (D:1)
  6 kobolds
  4 giant newts
  6 goblins
  5 rats
52 creatures vanquished.

Notes
Turn   | Place    | Note
-------+----------+-------------------------------------------
     0 | D:1      | junb69 the Demonspawn Gladiator began the quest for the Orb.
     0 | D:1      | Reached XP level 1. HP: 16/16 MP: 1/1
    43 | D:1      | Reached skill level 3 in Staves
   114 | D:1      | Gained mutation: You have sharp fingernails. [demonic ancestry]
   114 | D:1      | Reached XP level 2. HP: 20/22 MP: 2/2
   680 | D:1      | Reached XP level 3. HP: 22/27 MP: 3/3
  1059 | D:2      | Reached skill level 4 in Staves
  1328 | D:2      | Noticed Jessica
  1338 | D:2      | Killed Jessica
  1338 | D:2      | Gained mutation: You are partially covered in molten scales. (AC +2) [demonic ancestry]
  1338 | D:2      | Reached XP level 4. HP: 33/33 MP: 4/4
  1350 | D:2      | Found a glowing golden altar of the Shining One.
  1528 | D:2      | Reached skill level 5 in Staves
  1921 | D:3      | Noticed Grinder
  1930 | D:3      | Paralysed by Grinder for 3 turns
  1950 | D:3      | Paralysed by Grinder for 6 turns
  1965 | D:3      | Paralysed by Grinder for 7 turns
  1972 | D:3      | Killed from afar by Grinder

Vault maps used:
D:1:      onia_arrival_pentagram
D:2:      tso_oasis_becter, uniq_jessica
D:3:      first_bread, supply_closet_lemuel, uniq_grinder, uniq_terence

Skill      XL: |  1  2  3  4 |
---------------+-------------+-----
Staves         | 3 4 5 |  5.0
Fighting       | |  2.0
Throwing       | |  1.7
Dodging        | |  2.6

Action                   |  1- 3 |  4- 6 || total
-------------------------+-------+-------++-------
Melee: Quarterstaff      |   142 |    35 ||   177
Throw: Throwing net      |       |     5 ||     5
Evoke: Wand              |       |     4 ||     4
  Use: Potion            |       |     2 ||     2
       Scroll            |       |     1 ||     1
  Eat: Chunk             |     2 |     1 ||     3
Armor: Ring mail         |    58 |    16 ||    74
Dodge: Dodged            |    89 |    20 ||   109
